PUB
ORLANDO ORACLES @ HONOLULU RAYS
08/20/1972
 
TOP OF THE 1ST
Orlando Oracles batting - Pitching for Honolulu Rays : RHP Cristián Cabrera
Pitching: RHP Cristián Cabrera
Batting: RHB Cesar Cedeno 0-0: Called Strike
0-1: Ball
1-1: Swinging Strike
1-2: Ball
2-2: Ground out 6-3 (Groundball, 56, EV 103.8 MPH)
Batting: RHB Bob Robertson 0-0: Ball
1-0: Foul Ball, location: 2F
1-1: Foul Ball, location: 7LMF
1-2: Ball
2-2: Ball
3-2: Foul Ball, location: 23FF
3-2: Ground out 3-1 (Groundball, 34S, EV 88.8 MPH)
Batting: RHB Miguel Chávez 0-0: Ground out 4-3 (Groundball, 4, EV 85.0 MPH)
Top of the 1st over - 0 runs, 0 hits, 0 errors, 0 left on base; Orlando 0 - Honolulu 0
BOTTOM OF THE 1ST
Honolulu Rays batting - Pitching for Orlando Oracles : LHP Gregory Allen
Pitching: LHP Gregory Allen
Batting: LHB Kuan Zhang 0-0: SINGLE (Groundball, 4MS, EV 71.9 MPH) (infield hit)
Batting: LHB Del Unser 0-0: SINGLE (Groundball, 6M, EV 101.9 MPH)
Kuan Zhang to second
Runner from 2nd tries for 3rd, SAFE, throw by CF made to third
Batting: LHB Tin Truong 0-0: Foul Ball, location: 23F
0-1: Ball
1-1: Foul Ball, location: 2F
1-2: SINGLE (Line Drive, 4MD, EV 96.3 MPH)
Kuan Zhang scores
Del Unser to second
Batting: SHB Emery Hutchinson 0-0: Ball
1-0: Ball
2-0: Ball
3-0: Called Strike
3-1: Foul Ball, location: 9LMF
3-2: Fly out, F4 (Popup, 4S, EV 76.9 MPH)
Batting: LHB Otto Eldridge 0-0: Called Strike
0-1: Called Strike
0-2: Grounds into double play, 6-4-3 (Groundball, 6, EV 102.5 MPH)
Bottom of the 1st over - 1 run, 3 hits, 0 errors, 1 left on base; Orlando 0 - Honolulu 1
TOP OF THE 2ND
Orlando Oracles batting - Pitching for Honolulu Rays : RHP Cristián Cabrera
Batting: LHB Ron Gamble 0-0: Ball
1-0: Ball
2-0: Ball
3-0: Called Strike
3-1: Base on Balls
Batting: RHB Edward Wilson 0-0: Called Strike
0-1: Ball
1-1: Foul Ball, location: 2F
1-2: Ball
2-2: Foul Ball, location: 9LMF
2-2: Foul Ball, location: 23F
2-2: Foul Ball, location: 23FF
2-2: Foul Ball, location: 2F
2-2: Foul Ball, location: 2F
2-2: Ball
3-2: Strikes out swinging
Batting: LHB Ken'ichi Taketo 0-0: Called Strike
0-1: Swinging Strike
0-2: Foul Ball, location: 7LDF
0-2: Strikes out swinging
Batting: LHB Ed Herrmann 0-0: Fly out, F7 (Flyball, 7, EV 95.0 MPH)
Top of the 2nd over - 0 runs, 0 hits, 0 errors, 1 left on base; Orlando 0 - Honolulu 1
BOTTOM OF THE 2ND
Honolulu Rays batting - Pitching for Orlando Oracles : LHP Gregory Allen
Batting: RHB Ted Sizemore 0-0: Foul Ball, location: 7LMF
0-1: Called Strike
0-2: Ball
1-2: Ball
2-2: Ball
3-2: Foul Ball, location: 2F
3-2: Strikes out swinging
Batting: SHB Bob Stinson 0-0: Ball
1-0: Foul Ball, location: 5FF
1-1: Swinging Strike
1-2: Ball
2-2: Strikes out swinging
Batting: RHB John Hudson 0-0: Ball
1-0: Foul Ball, location: 3F
1-1: Foul Ball, location: 3F
1-2: Foul Ball, location: 9LSF
1-2: Ball
2-2: SINGLE (Line Drive, 9S, EV 86.3 MPH)
Batting: RHB Cristián Cabrera 0-0: Swinging Strike
0-1: Ball
1-1: Ball
2-1: Foul Ball, location: 7LSF
2-2: Strikes out swinging
Bottom of the 2nd over - 0 runs, 1 hit, 0 errors, 1 left on base; Orlando 0 - Honolulu 1
TOP OF THE 3RD
Orlando Oracles batting - Pitching for Honolulu Rays : RHP Cristián Cabrera
Batting: RHB Dan Brown 0-0: Ball
1-0: Swinging Strike
1-1: Ball
2-1: Foul Ball, location: 2F
2-2: Ball
3-2: SINGLE (Flyball, 4D, EV 91.9 MPH)
Batting: LHB Gregory Allen 0-0: Sac Bunt to 2R - play at first, batter OUT! 2-3
Dan Brown to second
Batting: RHB Cesar Cedeno 0-0: Ball
1-0: Ball
2-0: Ball
3-0: Called Strike
3-1: Called Strike
3-2: Strikes out swinging
Batting: RHB Bob Robertson 0-0: Ball
1-0: Swinging Strike
1-1: Foul Ball, location: 5F
1-2: Strikes out swinging
Top of the 3rd over - 0 runs, 1 hit, 0 errors, 1 left on base; Orlando 0 - Honolulu 1
BOTTOM OF THE 3RD
Honolulu Rays batting - Pitching for Orlando Oracles : LHP Gregory Allen
Batting: LHB Kuan Zhang 0-0: Ball
1-0: Ball
2-0: Swinging Strike
2-1: Ball
3-1: Base on Balls
Batting: LHB Del Unser 0-0: Called Strike
Kuan Zhang is caught stealing 2nd base 2-6
0-1: Ball
1-1: Ball
2-1: Foul Ball, location: 2F
2-2: Ball
3-2: Fly out, F8 (Line Drive, 78M, EV 86.9 MPH)
Batting: LHB Tin Truong 0-0: Ball
1-0: Ball
2-0: Ball
3-0: Base on Balls
Batting: SHB Emery Hutchinson 0-0: Ball
1-0: Ball
2-0: Foul Ball, location: 7LMF
2-1: Fly out, F6 (Popup, 6M, EV 73.1 MPH)
Bottom of the 3rd over - 0 runs, 0 hits, 0 errors, 1 left on base; Orlando 0 - Honolulu 1
TOP OF THE 4TH
Orlando Oracles batting - Pitching for Honolulu Rays : RHP Cristián Cabrera
Batting: RHB Miguel Chávez 0-0: Called Strike
0-1: Ball
1-1: Ball
2-1: Foul Ball, location: 2F
2-2: Strikes out swinging
Batting: LHB Ron Gamble 0-0: Swinging Strike
0-1: Ball
1-1: Foul Ball, location: 2F
1-2: Ball
2-2: Ball
3-2: Strikes out swinging
Batting: RHB Edward Wilson 0-0: Called Strike
0-1: Fly out, F8 (Flyball, 8LD, EV 97.5 MPH)
Top of the 4th over - 0 runs, 0 hits, 0 errors, 0 left on base; Orlando 0 - Honolulu 1
BOTTOM OF THE 4TH
Honolulu Rays batting - Pitching for Orlando Oracles : LHP Gregory Allen
Batting: LHB Otto Eldridge 0-0: Ball
1-0: Ball
2-0: Ball
3-0: Base on Balls
Batting: RHB Ted Sizemore 0-0: Sac Bunt to 15S - play at first, batter OUT! 1-3
Otto Eldridge to second
Batting: SHB Bob Stinson 0-0: Called Strike
0-1: Ball
1-1: Ball
2-1: Foul Ball, location: 9LMF
2-2: Ball
3-2: Foul Ball, location: 9LMF
3-2: Foul Ball, location: 2F
3-2: Foul Ball, location: 5FF
3-2: Ground out 6-3 (Groundball, 6, EV 83.8 MPH)
Batting: RHB John Hudson 0-0: Ball
1-0: Called Strike
1-1: DOUBLE (Line Drive, 9LD, EV 110.0 MPH)
Otto Eldridge scores
Batting: RHB Cristián Cabrera 0-0: Foul Ball, location: 9LMF
0-1: Ball
1-1: Foul Ball, location: 25F
1-2: Ball
2-2: Ball
3-2: Strikes out looking
Bottom of the 4th over - 1 run, 1 hit, 0 errors, 1 left on base; Orlando 0 - Honolulu 2
TOP OF THE 5TH
Orlando Oracles batting - Pitching for Honolulu Rays : RHP Cristián Cabrera
Batting: LHB Ken'ichi Taketo 0-0: Fly out, F8 (Flyball, 89D, EV 101.9 MPH)
Batting: LHB Ed Herrmann 0-0: Ball
1-0: Foul Ball, location: 2F
1-1: Ball
2-1: Ball
3-1: Foul Ball, location: 7LSF
3-2: Base on Balls
Batting: RHB Dan Brown 0-0: Called Strike
0-1: Fly out, F7 (Flyball, 78M, EV 89.4 MPH)
Batting: LHB Gregory Allen 0-0: Ball
1-0: Called Strike
1-1: Foul Ball, location: 3F
1-2: Foul Ball, location: 3DF
1-2: Ball
2-2: Foul Ball, location: 2F
2-2: Ball
3-2: Strikes out looking
Top of the 5th over - 0 runs, 0 hits, 0 errors, 1 left on base; Orlando 0 - Honolulu 2
BOTTOM OF THE 5TH
Honolulu Rays batting - Pitching for Orlando Oracles : LHP Gregory Allen
Batting: LHB Kuan Zhang 0-0: Ball
1-0: Ball
2-0: Ball
3-0: Base on Balls
Batting: LHB Del Unser 0-0: Fly out, F8 (Line Drive, 78D, EV 85.6 MPH)
Batting: LHB Tin Truong 0-0: Swinging Strike
0-1: Ball
1-1: Called Strike
1-2: Ball
2-2: Ball
3-2: Foul Ball, location: 7LMF
3-2: 2-RUN HOME RUN (Flyball, 7LD, EV 93.1 MPH), Distance : 360 ft
Batting: SHB Emery Hutchinson 0-0: Ball
1-0: Ground out 4-3 (Groundball, 4, EV 78.1 MPH)
Batting: LHB Otto Eldridge 0-0: Called Strike
0-1: SINGLE (Line Drive, 6MD, EV 95.6 MPH)
Batting: RHB Ted Sizemore 0-0: Foul Ball, location: 9LDF
0-1: Called Strike
0-2: Fielders Choice at 2nd, 6-4 (Groundball, 56, EV 85.6 MPH)
Bottom of the 5th over - 2 runs, 2 hits, 0 errors, 1 left on base; Orlando 0 - Honolulu 4
TOP OF THE 6TH
Orlando Oracles batting - Pitching for Honolulu Rays : RHP Cristián Cabrera
Batting: RHB Cesar Cedeno 0-0: Ball
1-0: Foul Ball, location: 5FF
1-1: SINGLE (Groundball, 4MD, EV 95.0 MPH)
Batting: RHB Bob Robertson 0-0: Ball
Cesar Cedeno steals 2nd, throwing error, E2
Cesar Cedeno to third
1-0: Ball
2-0: Called Strike
2-1: Fly out, F8 (Flyball, 8LXD, EV 101.9 MPH)
Runner from 3rd tags up, SCORES, no throw by CF
Batting: RHB Miguel Chávez 0-0: Swinging Strike
0-1: Ball
1-1: Ball
2-1: Ball
3-1: Called Strike
3-2: SINGLE (Flyball, 5D, EV 87.5 MPH)
Batting: LHB Ron Gamble 0-0: Ball
1-0: Called Strike
1-1: Ball
2-1: Ball
3-1: Fielders Choice at 2nd, 6-4 (Groundball, 6, EV 83.8 MPH)
Batting: RHB Edward Wilson 0-0: Called Strike
0-1: Ball
1-1: SINGLE (Line Drive, 8LS, EV 92.5 MPH)
Ron Gamble to second
Batting: LHB Ken'ichi Taketo 0-0: Swinging Strike
0-1: Called Strike
0-2: Ball
1-2: Ball
2-2: Ball
3-2: Strikes out looking
Top of the 6th over - 1 run, 3 hits, 1 error, 2 left on base; Orlando 1 - Honolulu 4
BOTTOM OF THE 6TH
Honolulu Rays batting - Pitching for Orlando Oracles : LHP Gregory Allen
Batting: SHB Bob Stinson 0-0: Ball
1-0: Fly out, F7 (Flyball, 7, EV 86.9 MPH)
Batting: RHB John Hudson 0-0: Ball
1-0: Foul Ball, location: 2F
1-1: Swinging Strike
1-2: Strikes out swinging
Batting: RHB Cristián Cabrera 0-0: Foul Ball, location: 9LMF
0-1: Ball
1-1: Ball
2-1: Ball
3-1: Called Strike
3-2: Foul Ball, location: 5FF
3-2: Strikes out swinging
Bottom of the 6th over - 0 runs, 0 hits, 0 errors, 0 left on base; Orlando 1 - Honolulu 4
TOP OF THE 7TH
Orlando Oracles batting - Pitching for Honolulu Rays : RHP Cristián Cabrera
Batting: LHB Ed Herrmann 0-0: Called Strike
0-1: Foul Ball, location: 2F
0-2: Foul Ball, location: 7LSF
0-2: Ball
1-2: Ground out 4-3 (Groundball, 4, EV 86.9 MPH)
Batting: RHB Dan Brown 0-0: Ball
1-0: Ground out U3 (Groundball, 3, EV 76.3 MPH)
Batting: LHB Gregory Allen 0-0: Ball
1-0: Foul Ball, location: 2F
1-1: Swinging Strike
1-2: Strikes out swinging
Top of the 7th over - 0 runs, 0 hits, 0 errors, 0 left on base; Orlando 1 - Honolulu 4
BOTTOM OF THE 7TH
Honolulu Rays batting - Pitching for Orlando Oracles : LHP Gregory Allen
Batting: LHB Kuan Zhang 0-0: Ball
1-0: Foul Ball, location: 5DF
1-1: Ball
2-1: Fly out, F9 (Flyball, 9S, EV 81.3 MPH)
Batting: LHB Del Unser 0-0: Ball
1-0: Ball
2-0: Ball
3-0: Called Strike
3-1: DOUBLE (Groundball, 5L, EV 101.3 MPH)
Batting: LHB Tin Truong 0-0: Ball
1-0: Ball
2-0: Called Strike
2-1: Swinging Strike
2-2: Ball
3-2: Foul Ball, location: 23F
3-2: Ground out 5-3 (Groundball, 56S, EV 83.1 MPH)
Pitching: RHP Dean Chance
Batting: SHB Emery Hutchinson 0-0: Foul Ball, location: 7LMF
0-1: Ball
1-1: Ball
2-1: SINGLE (Line Drive, 34D, EV 95.0 MPH)
Del Unser to third
Runner from 3rd tries for Home, SAFE, throw by RF to home
Emery Hutchinson to second
Batting: LHB Otto Eldridge 0-0: Called Strike
0-1: Called Strike
0-2: Foul Ball, location: 25FF
0-2: Foul Ball, location: 2LF
0-2: Ball
1-2: Ground out 5-3 (Groundball, 56, EV 103.8 MPH)
Bottom of the 7th over - 1 run, 2 hits, 0 errors, 1 left on base; Orlando 1 - Honolulu 5
TOP OF THE 8TH
Orlando Oracles batting - Pitching for Honolulu Rays : RHP Cristián Cabrera
Batting: RHB Cesar Cedeno 0-0: Ball
1-0: Ball
2-0: Swinging Strike
2-1: Reached on error, E4 (Groundball, 4, EV 106.9 MPH)
Batting: RHB Bob Robertson 0-0: Ball
1-0: Swinging Strike
1-1: Ball
2-1: Foul Ball, location: 2F
2-2: Strikes out swinging
Pitching: RHP Ty Scott
Batting: RHB Miguel Chávez 0-0: Swinging Strike
0-1: Ball
1-1: Ball
2-1: Called Strike
2-2: Strikes out swinging
Batting: LHB Ron Gamble 0-0: Ball
1-0: Ball
2-0: Ball
3-0: Base on Balls
Cesar Cedeno to second
Batting: RHB Edward Wilson 0-0: Ball
1-0: Swinging Strike
1-1: Foul Ball, location: 25FF
1-2: Ball
2-2: 3-RUN HOME RUN (Flyball, 7D, EV 97.5 MPH), Distance : 383 ft
Batting: LHB Ken'ichi Taketo 0-0: Ball
1-0: SINGLE (Groundball, 6MD, EV 101.3 MPH)
Batting: LHB Ed Herrmann 0-0: Hit by Pitch
Ken'ichi Taketo to second
Pinch Hitting: LHB Kevin Crum 0-0: Ball
1-0: SINGLE (Groundball, 34D, EV 93.8 MPH)
Ken'ichi Taketo to third
Ed Herrmann to second
Runner from 3rd tries for Home, throw by RF and OUT! 9-2
Top of the 8th over - 3 runs, 3 hits, 1 error, 2 left on base; Orlando 4 - Honolulu 5
BOTTOM OF THE 8TH
Honolulu Rays batting - Pitching for Orlando Oracles : RHP Dean Chance
Now at SS: Brian Burkill
Batting: RHB Ted Sizemore 0-0: Called Strike
0-1: Ground out 4-3 (Groundball, 4MD, EV 106.9 MPH)
Batting: SHB Bob Stinson 0-0: Ball
1-0: SINGLE (Line Drive, 34D, EV 105.6 MPH)
Batting: RHB John Hudson 0-0: Grounds into double play, 6-4-3 (Groundball, 56, EV 81.9 MPH)
Bottom of the 8th over - 0 runs, 1 hit, 0 errors, 0 left on base; Orlando 4 - Honolulu 5
TOP OF THE 9TH
Orlando Oracles batting - Pitching for Honolulu Rays : RHP Ty Scott
Now in LF: Jay Johnstone
Pinch Hitting: RHB Bill Freehan 0-0: Ball
1-0: Ground out 4-3 (Groundball, P, EV 87.5 MPH)
Pitching: RHP Sancho Calivillo
Now at 3B: Mark Berry
Batting: RHB Cesar Cedeno 0-0: Ball
1-0: Foul Ball, location: 9LDF
1-1: Fly out, F7 (Flyball, 7D, EV 94.4 MPH)
Batting: RHB Bob Robertson 0-0: Called Strike
0-1: Ball
1-1: Hit by Pitch
Batting: RHB Miguel Chávez 0-0: Reached on error, E5 (Groundball, 25, EV 82.5 MPH)
Bob Robertson to second
Batting: LHB Ron Gamble 0-0: Called Strike
0-1: Ball
1-1: Foul Ball, location: 7LDF
1-2: Fielders Choice at 2nd, 6-4 (Groundball, 6, EV 79.4 MPH)
Top of the 9th over - 0 runs, 0 hits, 1 error, 2 left on base; Orlando 4 - Honolulu 5
Thursday, April 25th , 2024 - OOTP Baseball 24.8 Build 75